 Dungeon Crawl Stone Soup version 0.26-a0-812-g31a745ddcd (webtiles) character file.

Game seed: 12934761481738205856

5991 lorenzova the Thaumaturge (level 10, -6/49 (50) HPs)
             Began as a Deep Elf Conjurer on Dec 5, 2020.
             Was a Priest of Vehumet.
             Mangled by Harold
             ... wielding a +0 war axe
              (11 damage)
             ... on level 8 of the Dungeon.
             The game lasted 00:20:44 (10930 turns).

lorenzova the Thaumaturge (Deep Elf Conjurer)      Turns: 10930, Time: 00:20:46

HP:   -6/49 (50)    AC:  6    Str:  4    XL:     10   Next: 55%
MP:   27/28         EV: 13    Int: 27    God:    Vehumet [***...]
Gold: 521           SH:  0    Dex: 13    Spells: 19/33 levels left

rFire    + . .     SeeInvis .   x - +3 dagger (venom)
rCold    . . .     Faith    .   (no shield)
rNeg     + . .     Spirit   .   t - +0 robe
rPois    .         Reflect  .   u - +2 hat
rElec    .         Harm     .   k - +0 cloak
rCorr    .         Rampage  .   y - +0 pair of gloves
MR       ++...                  (no boots)
Stlth    ++........             (no amulet)
HPRegen  0.16/turn              c - ring of positive energy
MPRegen  0.21/turn              p - ring of protection from fire

@: no status effects
A: magic resistance 1, wild magic 1
a: Renounce Religion


You were on level 8 of the Dungeon.
You worshipped Vehumet.
Vehumet was most pleased with you.
You visited 2 branches of the dungeon, and saw 9 of its levels.
You also visited: Ossuary and Bailey.

You collected 521 gold pieces.

Inventory:

Hand Weapons
 x - a +3 dagger of venom (weapon)
 F - the +6 rapier "Gefu" {vorpal, rF- rC+ Str+9 Dex-5}
   (You found it on level 6 of the Dungeon)

   It inflicts extra damage upon your enemies.
   It affects your strength (+9).
   It affects your dexterity (-5).
   It makes you vulnerable to fire.
   It protects you from cold.
Armour
 k - a +0 cloak (worn)
 t - a +0 robe (worn)
 u - a +2 hat (worn)
 y - a +0 pair of gloves (worn)
 C - a +4 ring mail
Jewellery
 a - an uncursed ring of flight
 c - a ring of positive energy (left hand)
 p - a ring of protection from fire (right hand)
Wands
 w - a wand of acid (10)
 I - a wand of enslavement (7)
 K - a wand of flame (15)
Scrolls
 d - 3 scrolls of magic mapping
 e - a scroll of holy word {unknown}
 f - 6 scrolls of remove curse
 g - a scroll of enchant weapon {unknown}
 h - a scroll of blinking {unknown}
 i - a scroll of acquirement {unknown}
 j - 3 scrolls of fog
 m - 3 scrolls of immolation
 n - 3 scrolls of fear
 q - 5 scrolls of teleportation {unknown}
 s - 3 scrolls of enchant armour
 v - a scroll of noise {unknown}
 H - a scroll of amnesia {unknown}
 J - a scroll of summoning {unknown}
 M - a scroll of identify
Potions
 b - 4 potions of brilliance
 l - 4 potions of curing
 o - 2 potions of lignification {unknown}
 r - 4 potions of flight
 z - 4 potions of heal wounds {unknown}
 A - 2 potions of might {unknown}
 B - a potion of haste {unknown}
 D - a potion of cancellation {unknown}
 E - 2 potions of mutation
 G - a potion of ambrosia {unknown}
 L - a potion of invisibility {unknown}
 N - a potion of degeneration {unknown}


   Skills:
 - Level 2.4 Dodging
 - Level 2.4 Stealth
 * Level 12.4 Spellcasting
 * Level 11.2 Conjurations
 + Level 7.4 Hexes
 - Level 6.0 Translocations
 * Level 2.8 Fire Magic


You had 19 spell levels left.
You knew the following spells:

 Your Spells              Type           Power        Failure   Level
a - Magic Dart            Conj           ####         1%          1
b - Searing Ray           Conj           ######       1%          2
c - Iskenderun's Mystic   Conj/Tloc      ######..     1%          4
d - Fulminant Prism       Conj/Hex       ######....   1%          4
x - Conjure Flame         Conj/Fire      ######..     1%          3

Your spell library contained the following spells:

 Spells                   Type           Power        Failure   Level
 Dazzling Flash           Conj/Hex       ######       1%          3


Dungeon Overview and Level Annotations

Branches:
Dungeon (8/15)             Temple (1/1) D:4            Lair (0/6) D:8
Ossuary (visited)          Bailey (visited)

Altars:
Ashenzari
Cheibriados
Dithmenos
Elyvilon
Fedhas
Gozag
Hepliaklqana
Kikubaaqudgha
Makhleb
Nemelex Xobeh
Okawaru
Qazlal
Ru
Sif Muna
Trog
Uskayaw
Vehumet
Wu Jian
Xom
Yredelemnul
Zin
The Shining One

Annotations:
D:8 Harold


Innate Abilities, Weirdness & Mutations

You are resistant to hostile enchantments. (MR+)
Your spells are a little harder to cast, but a little more powerful.


Message History

Harold is lightly wounded.
Harold shouts! (Press . to maintain the ray.) Harold fires a harpoon shot at you.
The harpoon shot hits you!!
You are yanked forward by the harpoon shot.
Harold hits you with a +0 war axe! Harold hits you with a +0 war axe.
Harold hits you with a +0 war axe!
* * * LOW HITPOINT WARNING * * *
Okay, then.
It was a potion of mutation.
You feel extremely strange.
You feel less in control of your magic.
You feel resistant to hostile enchantments.
Harold misses you.
As you read the scroll labelled BUOLIPR XOEQ, it crumbles to dust.
It is a scroll of enchant armour.
Your shiny ring mail glows green for a moment.
Harold hits you with a +0 war axe!
You die...

####.##..# #.# ...#.##..#
#.# ##.#.....###.######
.............##...
...###...###.##.#
##....#.........#
##.##.#.)###.##.##
.#.#.....# #.##..#
......#### #....@#####...
.........# #.##..@.......
......##.###.##..#####...
#..#..##.#.#.##....#
............###..#.#
...............>.#.##
#..#..#......).^......#
#.....#......##.......#
..)..........##.#####.#


You could see Harold.

Vanquished Creatures
  A wyvern (D:8)
  3 basilisks (D:8)
  An acid dragon (D:8)
  2 ice beasts
  3 orc warriors
  3 sky beasts
  A hornet zombie (D:7)
  4 ogres
  2 phantoms
  3 necrophages (D:7)
  3 centaurs
  2 elf zombies
  7 bullfrogs
  2 elf skeletons (D:5)
  10 scorpions
  6 howler monkeys
  9 wights
  5 human zombies
  A centaur zombie (Ossuary)
  5 hounds
  3 orc priests
  2 centaur skeletons
  11 orc wizards
  A bullfrog skeleton (D:5)
  3 human skeletons
  3 iguanas
  Ijyb (D:4)
  9 worker ants
  A killer bee zombie (D:8)
  3 big kobold zombies (Ossuary)
  2 hound skeletons
  A hound zombie (D:7)
  3 mummies (Ossuary)
  A worker ant zombie (D:7)
  A howler monkey skeleton (D:2)
  5 adders
  5 scorpion zombies (Ossuary)
  2 shadow imps
  A white imp (D:5)
  An ufetubus (D:7)
  2 oozes (D:4)
  2 adder zombies (D:2)
  2 adder skeletons
  A worm (D:3)
  2 dart slugs (D:1)
  4 leopard geckos
  23 orcs
  4 ball pythons
  2 bat skeletons (D:2)
  7 giant cockroaches
  A gnoll zombie (Ossuary)
  5 goblins
  4 hobgoblins
  12 jackals
  7 kobolds
  6 quokkas
  7 bats
  8 frilled lizards
  3 hobgoblin zombies (Ossuary)
  A kobold zombie (Ossuary)
  2 leopard gecko skeletons
  2 leopard gecko zombies (D:7)
  An orc skeleton (D:5)
  2 orc zombies (Ossuary)
  3 rats
  A butterfly (D:5)
246 creatures vanquished.

Vanquished Creatures (others)
  A scorpion (Ossuary)
  15 fulminant prisms
  2 withered plants (D:2)
18 creatures vanquished.

Grand Total: 264 creatures vanquished

Notes
Turn   | Place    | Note
-------+----------+-------------------------------------------
     0 | D:1      | lorenzova the Deep Elf Conjurer began the quest for the
                  | Orb.
     0 | D:1      | Reached XP level 1. HP: 10/10 MP: 6/6
     0 | D:1      | Noticed an elf
     0 | D:1      | Noticed a troll
     0 | D:1      | Noticed a human
     2 | D:1      | Noticed a troll
     2 | D:1      | Noticed a ghoul
     4 | D:1      | Noticed a vine stalker
     5 | D:1      | Noticed a centaur
     8 | D:1      | Noticed a draconian
    10 | D:1      | Noticed an octopode
    10 | D:1      | Noticed a formicid
    12 | D:1      | Noticed an elf
    14 | D:1      | Noticed a formicid
    16 | D:1      | Noticed a vine stalker
    16 | D:1      | Noticed a minotaur
    16 | D:1      | Noticed a spriggan
    18 | D:1      | Noticed a minotaur
    18 | D:1      | Noticed an ogre
   150 | D:1      | Reached XP level 2. HP: 15/15 MP: 0/8
   224 | D:1      | Learned a level 2 spell: Searing Ray
  1259 | D:2      | Reached skill level 4 in Spellcasting
  1331 | D:2      | Reached skill level 5 in Conjurations
  1335 | D:2      | Reached XP level 3. HP: 19/19 MP: 4/10
  1764 | D:2      | Reached XP level 4. HP: 24/24 MP: 4/12
  2067 | D:2      | Reached skill level 5 in Spellcasting
  2951 | D:3      | Found an ancient bone altar of Kikubaaqudgha.
  3329 | D:3      | Reached XP level 5. HP: 28/28 MP: 11/14
  3819 | D:4      | Noticed an ogre
  3826 | D:4      | Killed an ogre
  3826 | D:4      | Reached skill level 6 in Spellcasting
  3826 | D:4      | Reached XP level 6. HP: 32/32 MP: 7/17
  4004 | D:4      | Learned a level 4 spell: Iskenderun's Mystic Blast
  4009 | D:4      | Learned a level 4 spell: Fulminant Prism
  4140 | D:4      | Noticed Ijyb
  4146 | D:4      | Killed Ijyb
  4151 | D:4      | Reached skill level 1 in Hexes
  4158 | D:4      | Reached skill level 1 in Translocations
  4174 | D:4      | Reached skill level 7 in Spellcasting
  4299 | D:4      | Found a stormy altar of Qazlal.
  4365 | D:4      | Reached XP level 7. HP: 36/36 MP: 13/19
  4446 | D:4      | Found a staircase to the Ecumenical Temple.
  4460 | Temple   | Entered the Ecumenical Temple
  4468 | Temple   | Became a worshipper of Vehumet
  4948 | D:5      | Entered Level 5 of the Dungeon
  5219 | D:5      | Reached skill level 8 in Spellcasting
  5363 | D:5      | Found a sand-covered staircase.
  5422 | Ossuary  | Entered an ossuary
  5451 | Ossuary  | Reached XP level 8. HP: 41/41 MP: 17/22
  5917 | Ossuary  | Reached * piety under Vehumet
  5917 | Ossuary  | Offered knowledge of Sandblast by Vehumet.
  6396 | Ossuary  | Reached skill level 9 in Spellcasting
  7377 | D:6      | Reached ** piety under Vehumet
  7377 | D:6      | Offered knowledge of Foxfire by Vehumet.
  7380 | D:6      | Reached XP level 9. HP: 41/45 MP: 17/24
  7380 | D:6      | Reached skill level 5 in Hexes
  7380 | D:6      | Reached skill level 10 in Spellcasting
  7554 | D:6      | Found a glowing golden altar of the Shining One.
  7789 | D:6      | Found a sparkling altar of Nemelex Xobeh.
  8428 | D:6      | Got a crystal rapier
  8429 | D:6      | Identified the +6 rapier "Gefu" {vorpal, rF- rC+ Str+9
                  | Dex-5} (You found it on level 6 of the Dungeon)
  8468 | D:7      | Reached skill level 10 in Conjurations
  8468 | D:7      | Reached skill level 5 in Translocations
  8542 | D:7      | Reached skill level 11 in Spellcasting
  8549 | D:7      | Offered knowledge of Inner Flame by Vehumet.
  8685 | D:7      | Found a flagged portal.
  8694 | Bailey   | Entered a bailey
  8694 | Bailey   | Noticed an orc knight
  8965 | D:7      | Reached XP level 10. HP: 42/50 MP: 17/27
  9166 | D:7      | Reached *** piety under Vehumet
  9726 | D:7      | Offered knowledge of Conjure Flame by Vehumet.
  9734 | D:7      | Found a basalt altar of Yredelemnul.
  9854 | D:7      | Learned a level 3 spell: Conjure Flame
  9905 | D:7      | Reached skill level 12 in Spellcasting
 10094 | D:8      | Reached skill level 1 in Fire Magic
 10215 | D:8      | Noticed Harold
 10725 | D:8      | Found a staircase to the Lair.
 10929 | D:8      | Gained mutation: Your spells are a little harder to cast,
                  | but a little more powerful. [potion of mutation]
 10929 | D:8      | Gained mutation: You are resistant to hostile enchantments.
                  | (MR+) [potion of mutation]
 10930 | D:8      | Mangled by Harold

Illustrated notes

Levels and vault maps discovered:
D:1:      shiori_arrival_whats_in_store_for_you, layout_basic, minivault_27
D:2:      layout_loops_ring, serial_undead, serial_undead_c, serial_undead_f,
          serial_undead_c, serial_undead_c, serial_undead_f, serial_undead_f
D:3:      layout_basic, overflow_temple_1_default, kennysheep_generic_room_8
D:4:      layout_basic, grunt_qazlal_sundering, minmay_temple_entry_butterflies,
          uniq_ijyb
D:5:      layout_loops_cross, nicolae_ossuary_entry_catacombs
D:6:      layout_gridville, kennysheep_mini_moat, basic_altar
D:7:      layout_loops_ring, lemuel_mausoleum_altar_yredelemnul, enter_bailey_8
D:8:      layout_basic, erik_lair_dragon, uniq_harold
Temple:   nicolae_temple_no_exploring_needed

Skill      XL: |  1  2  3  4  5  6  7  8  9 10 |
---------------+-------------------------------+-----
Spellcasting   | 4 5 6 7 8 9 11 12 | 12.4
Conjurations   | 5 6 7 9 10 11 | 11.2
Hexes          | 1 3 4 6 7 |  7.4
Translocations | 1 2 4 5 6 |  6.0
Fire Magic     | 2 |  2.8
Dodging        | |  2.4
Stealth        | |  2.4

Action                   |  1- 3 |  4- 6 |  7- 9 | 10-12 || total
-------------------------+-------+-------+-------+-------++-------
Melee: Dagger            |       |     1 |     8 |       ||     9
 Cast: Magic Dart        |    67 |    85 |   113 |    22 ||   287
       Searing Ray       |       |    13 |    77 |    39 ||   129
       Fulminant Prism   |       |       |     9 |     6 ||    15
       Iskenderun's Myst |       |       |     2 |     2 ||     4
  Use: Scroll            |       |     5 |     6 |     1 ||    12
       Potion            |       |       |     2 |     1 ||     3
 Stab: Sleeping          |       |     1 |       |       ||     1
Armor: Robe              |     2 |     2 |    15 |     5 ||    24
Dodge: Dodged            |     4 |     5 |    36 |    20 ||    65

Table legend: (Time is in decaauts)
 A = Elapsed time spent in this place.
 B = Non-inter-level travel time spent in this place.
 C = Inter-level travel time spent in this place.
 D = Time resting spent in this place.
 E = Time spent auto-exploring this place.
 F = Levels seen in this place.
 G = Mean time per level.
                   A        B        C        D        E       F      G
               +--------+--------+--------+--------+--------+-----+--------+
         Total |  10924 |  10642 |    282 |   4076 |   4931 |  11 |  993.1 |
       Dungeon |   9464 |   9197 |    267 |   3028 |   4882 |   8 | 1183.0 |
        Temple |     16 |      1 |     15 |      0 |      0 |   1 |   16.0 |
       Ossuary |   1393 |   1393 |      0 |   1030 |     49 |   1 | 1393.0 |
        Bailey |     49 |     49 |      0 |     18 |      0 |   1 |   49.0 |
               +--------+--------+--------+--------+--------+-----+--------+

Top non-repeatable levels by time:
     D:2: 1531 daAuts
     D:7: 1486 daAuts
 Ossuary: 1393 daAuts
     D:4: 1240 daAuts
     D:1: 1175 daAuts
     D:5: 1069 daAuts
     D:6: 1037 daAuts
     D:3: 982 daAuts
     D:8: 941 daAuts
  Bailey: 49 daAuts
  Temple: 16 daAuts
